WCHLSIM.com - West Coast Hockey League
html PUBLIC "-//W3C//DTD XHTML 1.0 Transitional//EN" "http://www.w3.org/TR/xhtml1/DTD/xhtml1-transitional.dtd"> WCHL - Game 299 - LAS VEGAS LIZARD KINGS vs EDMONTON ICE

LAS VEGAS LIZARD KINGS vs EDMONTON ICE

Created - 18 novembre 2019 at 22:28

Goals
1 2 3 T
LAS VEGAS LIZARD KINGS 1 1 1 3
EDMONTON ICE 1 0 0 1
Shots
1 2 3 T
LAS VEGAS LIZARD KINGS 11 4 5 20
EDMONTON ICE 7 9 7 23

1st period

1. LAS VEGAS LIZARD KINGS , Sean Monahan 13 (Nino Niederreiter 8, Johnny Gaudreau 14) at 4:05
2. EDMONTON ICE , Anthony Mantha 9 (Conor Sheary 3, Valtteri Filppula 7) at 17:51 (PP)

Penalties :
Patric Hornqvist (EDM) for Holding (Minor) at 5:35, Jeff Petry (EDM) for Tripping (Minor) at 9:39, Bobby Ryan (LVG) for Hooking (Minor) at 17:23

2nd period

3. LAS VEGAS LIZARD KINGS , Johnny Gaudreau 6 (Sean Monahan 12, Nino Niederreiter 9) at 17:41

Penalties :
Ondrej Kase (EDM) for Tripping (Minor) at 0:59, Bobby Ryan (LVG) for Holding (Minor) at 0:59, Alex Petrovic (LVG) for Hooking (Minor) at 2:59, Joel Armia (LVG) for Roughing (Minor) at 6:55, Matt Niskanen (LVG) for Hooking (Minor) at 10:47

3rd period

4. LAS VEGAS LIZARD KINGS , Mike Ferland 5 (Derek Ryan 4) at 4:01

Penalties :
Ryan O'Reilly (EDM) for Holding (Minor) at 0:11, Matt Niskanen (LVG) for High sticking (Minor) at 5:57, Alex Petrovic (LVG) for Roughing (Minor) at 19:55

Goalie Stats

Marc-Andre Fleury (LVG), 22 saves from 23 shots - (0,957), W, 14-3-0, 60:00 minutes
Jake Allen (EDM), 17 saves from 20 shots - (0,850), L, 12-7-0, 60:00 minutes

Players Stats for LAS VEGAS LIZARD KINGS

Player Name              G  A  P  +/- PIM S  H  SB GA TA FO     MP     PP MP  PK MP  
------------------------------------------------------------------------------------
Alex Petrovic            0  0  0   1  4   1  4  1  0  0  0/0    13:41   0:00   2:22 
Barclay Goodrow          0  0  0   1  0   0  0  1  0  0  0/5    17:59   0:00   2:29 
Bobby Ryan               0  0  0   0  4   1  0  0  0  0  0/0    16:02   3:13   0:00 
Brayden McNabb           0  0  0   1  0   0  1  4  0  0  0/0    22:47   2:41   4:59 
Brent Burns              0  0  0   1  0   0  0  2  0  0  0/0    24:17   3:16   3:19 
Derek Ryan               0  1  1   1  0   2  0  1  0  0  11/22  17:42   3:13   4:27 
Evan Rodrigues           0  0  0   0  0   1  0  0  0  0  1/6     6:01   0:00   0:33 
Garrett Wilson           0  0  0   0  0   0  0  0  0  0  0/0     0:00   0:00   0:00 
Jason Pominville         0  0  0   0  0   0  0  0  0  0  0/0     5:46   0:00   0:00 
Joel Armia               0  0  0   0  2   1  0  0  0  0  0/0    17:04   0:00   4:32 
Johnny Gaudreau          1  1  2   2  0   2  0  1  0  0  0/1    19:08   2:44   0:00 
Keegan Lowe              0  0  0   1  0   0  0  0  0  0  0/0    11:37   0:00   0:45 
Matt Niskanen            0  0  0   1  4   0  4  5  0  0  0/0    20:52   0:00   1:52 
Mike Ferland             1  0  1   1  0   5  2  0  0  0  0/1    14:05   3:13   0:00 
Nick Jensen              0  0  0   1  0   0  0  2  0  0  0/0    23:26   2:41   3:39 
Nino Niederreiter        0  2  2   2  0   2  1  1  0  0  1/1    19:42   2:44   1:43 
Ryan Nugent-Hopkins      0  0  0   0  0   3  0  0  0  0  8/13   17:59   3:16   0:43 
Sean Monahan             1  1  2   2  0   2  0  1  0  0  8/22   21:18   2:44   2:29 

Players Stats for EDMONTON ICE

Player Name              G  A  P  +/- PIM S  H  SB GA TA FO     MP     PP MP  PK MP  
------------------------------------------------------------------------------------
Andrew MacDonald         0  0  0  -1  0   0  1  0  0  0  0/0    18:23   0:00   3:10 
Anthony Mantha           1  0  1  -1  0   7  0  1  0  0  0/1    17:54   3:50   0:00 
Casey Nelson             0  0  0  -1  0   0  1  0  0  0  0/0    13:41   0:00   0:04 
Colton Parayko           0  0  0  -1  0   0  3  1  0  0  0/0    23:56   3:48   3:23 
Conor Sheary             0  1  1  -1  0   1  1  0  0  0  1/2    13:58   3:50   0:00 
Eric Fehr                0  0  0  -1  0   0  1  0  0  0  7/11   13:07   0:00   2:59 
Jaden Schwartz           0  0  0  -1  0   4  1  0  0  0  0/2    17:32   4:38   0:00 
Jeff Petry               0  0  0  -1  2   0  0  0  0  0  0/0    22:32   4:40   2:05 
Kasperi Kapanen          0  0  0  -1  0   3  0  1  0  0  1/2    18:17   0:00   3:21 
Loui Eriksson            0  0  0   0  0   1  0  0  0  0  0/0     6:30   0:00   0:00 
Markus Nutivaara         0  0  0  -1  0   0  0  0  0  0  0/0    17:42   3:48   0:17 
Ondrej Kase              0  0  0  -1  2   1  0  0  0  0  3/5    12:43   0:00   2:36 
Oscar Klefbom            0  0  0  -1  0   0  1  0  0  0  0/0    23:45   4:40   2:55 
Oscar Lindberg           0  0  0   0  0   1  3  0  0  0  3/7     9:06   0:00   2:36 
Patric Hornqvist         0  0  0  -1  2   1  2  0  0  0  0/0    17:31   4:38   0:00 
Ryan O'Reilly            0  0  0  -1  2   4  0  0  0  0  16/23  19:33   4:38   0:00 
Tanner Pearson           0  0  0   0  0   0  1  0  0  0  0/0     7:59   0:00   0:22 
Valtteri Filppula        0  1  1  -1  0   0  0  0  0  0  11/18  17:51   3:50   0:00 

3 Stars

1 - Sean Monahan (LVG)
2 - Johnny Gaudreau (LVG)
3 - Nino Niederreiter (LVG)

Power Play

LAS VEGAS LIZARD KINGS - 0 on 3 Attempt(s) - 0,00%
EDMONTON ICE - 1 on 6 Attempt(s) - 16,67%

Penalty Kill

LAS VEGAS LIZARD KINGS - 5 on 6 Attempt(s) - 83,33% - Score 0 goal in Penalty Kill
EDMONTON ICE - 3 on 3 Attempt(s) - 100,00% - Score 0 goal in Penalty Kill

Team Stat

LAS VEGAS LIZARD KINGS - Hits : 12 - Faceoff Wins : 29 - Blocked Shots : 19 - Penalty Minutes : 14
EDMONTON ICE - Hits : 15 - Faceoff Wins : 42 - Blocked Shots : 3 - Penalty Minutes : 8

Official

Referees : Jarrod Ragusin and Kevin Pollock
Linesman : Ryan Daisy and Kevin Hastings

Game Notes

No Game Note

Finance

Level 1 -- Attendance: 4053 (67,55%) -- Ticket Income 770 070 $
Level 2 -- Attendance: 3262 (65,24%) -- Ticket Income 407 750 $
Level 3 -- Attendance: 1323 (66,15%) -- Ticket Income 132 300 $
Level 4 -- Attendance: 2799 (46,65%) -- Ticket Income 181 935 $
Luxury Box -- Attendance: 753 (75,30%) -- Ticket Income 256 020 $
Total Attendance: 12190 (60,95%)
Total Ticket Income: 1 748 075 $
Other Income: 524 422 $
Total Income: 2 272 497 $

LAS VEGAS LIZARD KINGS

5 vs 5 Forward 
   Center                   Left Wing                Right Wing               Time % Phy DF OF 
 1 Sean Monahan             Johnny Gaudreau          Nino Niederreiter        32     0   2  3  
 2 Ryan Nugent-Hopkins      Bobby Ryan               Joel Armia               31     0   2  3  
 3 Derek Ryan               Barclay Goodrow          Mike Ferland             30     0   2  3  
 4 Evan Rodrigues           Barclay Goodrow          Jason Pominville         7      0   3  2  

5 vs 5 Defense 
   Defense                  Defense                                           Time % Phy DF OF 
 1 Brent Burns              Brayden McNabb                                    43     0   2  3  
 2 Matt Niskanen            Nick Jensen                                       42     0   2  3  
 3 Alex Petrovic            Keegan Lowe                                       15     0   5  0  
 4 Brent Burns              Matt Niskanen                                     0      0   1  4  

PowerPlay Forward 
   Center                   Left Wing                Right Wing               Time % Phy DF OF 
 1 Sean Monahan             Johnny Gaudreau          Nino Niederreiter        70     0   0  5  
 2 Derek Ryan               Bobby Ryan               Mike Ferland             30     0   0  5  

PowerPlay Defense
   Defense                  Defense                                           Time % Phy DF OF 
 1 Brent Burns              Ryan Nugent-Hopkins                               70     0   0  5  
 2 Brayden McNabb           Nick Jensen                                       30     0   0  5  

Penalty Kill 4 Players Forward 
   Center                   Wing                     Time % Phy DF OF 
 1 Derek Ryan               Joel Armia               65     0   5  0  
 2 Barclay Goodrow          Ryan Nugent-Hopkins      35     0   5  0  

Penalty Kill 4 Players Defense
   Defense                  Defense                  Time % Phy DF OF 
 1 Brayden McNabb           Nick Jensen              75     0   5  0  
 2 Brent Burns              Matt Niskanen            25     0   5  0  

Penalty Kill - 3 Players Forward 
   Forward                                           Time % Phy DF OF 
 1 Derek Ryan                                        55     0   5  0  
 2 Barclay Goodrow                                   45     0   5  0  

Penalty Kill - 3 Players Defense
   Defense                  Defense                  Time % Phy DF OF 
 1 Alex Petrovic            Keegan Lowe              50     0   5  0  
 2 Brayden McNabb           Nick Jensen              50     0   5  0  

4 vs 4 Forward 
   Center                   Wing                     Time % Phy DF OF 
 1 Ryan Nugent-Hopkins      Johnny Gaudreau          55     1   2  2  
 2 Sean Monahan             Bobby Ryan               45     1   2  2  

4 vs 4 Defense
   Defense                  Defense                  Time % Phy DF OF 
 1 Brent Burns              Matt Niskanen            55     1   2  2  
 2 Brayden McNabb           Nick Jensen              45     1   2  2  

Last Minutes Offensive
   Center                   Left Wing                Right Wing               Defense                  Defense                  
   Sean Monahan             Johnny Gaudreau          Nino Niederreiter        Brent Burns              Matt Niskanen            

Last Minutes Defensive
   Center                   Left Wing                Right Wing               Defense                  Defense                  
   Ryan Nugent-Hopkins      Barclay Goodrow          Joel Armia               Brent Burns              Matt Niskanen            

Goaltenders
Starting : Marc-Andre Fleury        
Backup : Curtis McElhinney        

Extra Forwards
Normal : Mike Ferland, Jason Pominville, Evan Rodrigues - PP : Mike Ferland, Jason Pominville - PK : Barclay Goodrow
Extra Defensemen
Normal : Nick Jensen, Brayden McNabb, Alex Petrovic - PP : Nick Jensen - PK : Alex Petrovic, Brayden McNabb
Penalty Shots
Johnny Gaudreau, Ryan Nugent-Hopkins, Sean Monahan, Nino Niederreiter, Mike Ferland
Custom OT Lines Forwards
Johnny Gaudreau, Ryan Nugent-Hopkins, Sean Monahan, Nino Niederreiter, Bobby Ryan, Joel Armia, Mike Ferland, Derek Ryan, Jason Pominville, Barclay Goodrow
Custom OT Lines Defensemen
Brent Burns, Matt Niskanen, Brayden McNabb, Nick Jensen, Alex Petrovic

Scratches
Givani Smith (Healthy), Beck Malenstyn (Healthy), Olli Juolevi (Healthy), Henrik Samuelsson (Healthy), Jaycob Megna (Fractured Bone in Left Hand Injury)
Mark Pysyk (Severed Right Wrist Tendon Injury), Nick Moutrey (Healthy), Skyler McKenzie (Healthy), Spencer Smallman (Healthy), Ty Dellandrea (Healthy)

EDMONTON ICE

5 vs 5 Forward 
   Center                   Left Wing                Right Wing               Time % Phy DF OF 
 1 Ryan O'Reilly            Kasperi Kapanen          Anthony Mantha           36     0   2  3  
 2 Valtteri Filppula        Jaden Schwartz           Patric Hornqvist         34     1   2  2  
 3 Eric Fehr                Conor Sheary             Ondrej Kase              24     0   3  2  
 4 Oscar Lindberg           Tanner Pearson           Loui Eriksson            6      0   4  1  

5 vs 5 Defense 
   Defense                  Defense                                           Time % Phy DF OF 
 1 Jeff Petry               Colton Parayko                                    36     1   2  2  
 2 Oscar Klefbom            Andrew MacDonald                                  34     1   2  2  
 3 Markus Nutivaara         Casey Nelson                                      23     0   4  1  
 4 Colton Parayko           Oscar Klefbom                                     7      1   2  2  

PowerPlay Forward 
   Center                   Left Wing                Right Wing               Time % Phy DF OF 
 1 Ryan O'Reilly            Jaden Schwartz           Patric Hornqvist         60     0   1  4  
 2 Valtteri Filppula        Conor Sheary             Anthony Mantha           40     0   2  3  

PowerPlay Defense
   Defense                  Defense                                           Time % Phy DF OF 
 1 Oscar Klefbom            Jeff Petry                                        55     0   2  3  
 2 Colton Parayko           Markus Nutivaara                                  45     1   2  2  

Penalty Kill 4 Players Forward 
   Center                   Wing                     Time % Phy DF OF 
 1 Eric Fehr                Kasperi Kapanen          55     0   4  1  
 2 Oscar Lindberg           Ondrej Kase              45     0   4  1  

Penalty Kill 4 Players Defense
   Defense                  Defense                  Time % Phy DF OF 
 1 Oscar Klefbom            Andrew MacDonald         55     0   5  0  
 2 Colton Parayko           Jeff Petry               45     0   5  0  

Penalty Kill - 3 Players Forward 
   Forward                                           Time % Phy DF OF 
 1 Eric Fehr                                         55     0   5  0  
 2 Oscar Lindberg                                    45     0   5  0  

Penalty Kill - 3 Players Defense
   Defense                  Defense                  Time % Phy DF OF 
 1 Oscar Klefbom            Andrew MacDonald         55     0   5  0  
 2 Jeff Petry               Colton Parayko           45     0   5  0  

4 vs 4 Forward 
   Center                   Wing                     Time % Phy DF OF 
 1 Valtteri Filppula        Tanner Pearson           55     0   3  2  
 2 Ryan O'Reilly            Kasperi Kapanen          45     1   2  2  

4 vs 4 Defense
   Defense                  Defense                  Time % Phy DF OF 
 1 Andrew MacDonald         Colton Parayko           55     0   3  2  
 2 Oscar Klefbom            Andrew MacDonald         45     1   2  2  

Last Minutes Offensive
   Center                   Left Wing                Right Wing               Defense                  Defense                  
   Ryan O'Reilly            Jaden Schwartz           Anthony Mantha           Jeff Petry               Colton Parayko           

Last Minutes Defensive
   Center                   Left Wing                Right Wing               Defense                  Defense                  
   Ryan O'Reilly            Jaden Schwartz           Kasperi Kapanen          Jeff Petry               Oscar Klefbom            

Goaltenders
Starting : Jake Allen               
Backup : Philipp Grubauer         

Extra Forwards
Normal : Patric Hornqvist, Ondrej Kase, Tanner Pearson - PP : Ondrej Kase, Tanner Pearson - PK : Tanner Pearson
Extra Defensemen
Normal : Andrew MacDonald, Colton Parayko, Jeff Petry - PP : Jeff Petry - PK : Markus Nutivaara, Andrew MacDonald
Penalty Shots
Ryan O'Reilly, Anthony Mantha, Kasperi Kapanen, Patric Hornqvist, Ondrej Kase
Custom OT Lines Forwards
Jaden Schwartz, Anthony Mantha, Patric Hornqvist, Ryan O'Reilly, Ondrej Kase, Kasperi Kapanen, Valtteri Filppula, Tanner Pearson, Loui Eriksson, Conor Sheary
Custom OT Lines Defensemen
Jeff Petry, Colton Parayko, Oscar Klefbom, Andrew MacDonald, Markus Nutivaara

Scratches
None


% Time on Ice - LAS VEGAS LIZARD KINGS

Lines # - Real PCT - Wanted PCT - Time Play
Normal Forward
1 - 35% - 32% - 15:15
2 - 29% - 31% - 12:51
3 - 23% - 30% - 10:02
4 - 13% - 7% - 5:28
Normal Defense
1 - 34% - 43% - 14:51
2 - 37% - 42% - 16:16
3 - 24% - 15% - 10:34
4 - 4% - 0% - 1:55
PP Forward
1 - 46% - 70% - 2:44
2 - 54% - 30% - 3:13
PP Defense
1 - 55% - 70% - 3:16
2 - 45% - 30% - 2:41
PK Forward
1 - 92% - 65% - 7:45
2 - 8% - 35% - 0:43
PK Defense
1 - 60% - 75% - 5:05
2 - 40% - 25% - 3:23
PK3 Forward
1 - 0% - 55%
2 - 0% - 45%
PK3 Defense
1 - 0% - 50%
2 - 0% - 50%
44 Forward
1 - 58% - 55% - 1:09
2 - 42% - 45% - 0:50
44 Defense
1 - 58% - 55% - 1:09
2 - 42% - 45% - 0:50
Last Minute Offensive  - 0:00
Last Minute Defensive  - 0:00
Total
Forward - 60:00
Defense - 60:00

% Time on Ice - EDMONTON ICE

Lines # - Real PCT - Wanted PCT - Time Play
Normal Forward
1 - 32% - 36% - 14:04
2 - 30% - 34% - 12:54
3 - 23% - 24% - 10:08
4 - 15% - 6% - 6:30
Normal Defense
1 - 34% - 36% - 14:56
2 - 32% - 34% - 14:06
3 - 31% - 23% - 13:37
4 - 2% - 7% - 0:57
PP Forward
1 - 55% - 60% - 4:38
2 - 45% - 40% - 3:50
PP Defense
1 - 55% - 55% - 4:40
2 - 45% - 45% - 3:48
PK Forward
1 - 56% - 55% - 3:21
2 - 44% - 45% - 2:36
PK Defense
1 - 38% - 55% - 2:17
2 - 62% - 45% - 3:40
PK3 Forward
1 - 0% - 55%
2 - 0% - 45%
PK3 Defense
1 - 0% - 55%
2 - 0% - 45%
44 Forward
1 - 56% - 55% - 1:07
2 - 44% - 45% - 0:52
44 Defense
1 - 44% - 55% - 0:52
2 - 56% - 45% - 1:07
Last Minute Offensive  - 0:00
Last Minute Defensive  - 0:00
Total
Forward - 60:00
Defense - 60:00

Play-by-Play

1st period


0:01 of 1st period - Sean Monahan wins face-off versus Ryan O'Reilly in neutral zone.
0:15 of 1st period - Ryan O'Reilly is hit by Brayden McNabb and loses puck.
0:24 of 1st period - Shot by Anthony Mantha.
0:24 of 1st period - Deflect By Kasperi Kapanen.
0:24 of 1st period - Shot Misses the Net.
0:26 of 1st period - Shot by Kasperi Kapanen.
0:26 of 1st period - Stopped by Marc-Andre Fleury without a rebound.
0:27 of 1st period - Valtteri Filppula wins face-off versus Ryan Nugent-Hopkins in LAS VEGAS LIZARD KINGS zone.
0:34 of 1st period - Shot by Patric Hornqvist.
0:34 of 1st period - Shot Misses the Net.
1:43 of 1st period - Shot by Derek Ryan.
1:43 of 1st period - Shot Misses the Net.
1:57 of 1st period - Shot by Derek Ryan.
1:57 of 1st period - Stopped by Jake Allen with a rebound.
1:59 of 1st period - Shot by Barclay Goodrow.
1:59 of 1st period - Shot Hit the Post.
2:01 of 1st period - Shot by Derek Ryan.
2:01 of 1st period - Stopped by Jake Allen without a rebound.
2:02 of 1st period - Sean Monahan wins face-off versus Ryan O'Reilly in EDMONTON ICE zone.
2:19 of 1st period - Shot by Sean Monahan.
2:19 of 1st period - Stopped by Jake Allen without a rebound.
2:20 of 1st period - Oscar Lindberg wins face-off versus Evan Rodrigues in EDMONTON ICE zone.
3:00 of 1st period - Evan Rodrigues is hit by Oscar Lindberg and loses puck.
3:30 of 1st period - Shot by Kasperi Kapanen.
3:30 of 1st period - Shot Misses the Net.
3:37 of 1st period - Icing by Matt Niskanen.
3:38 of 1st period - Valtteri Filppula wins face-off versus Sean Monahan in LAS VEGAS LIZARD KINGS zone.
4:03 of 1st period - Shot by Nino Niederreiter.
4:03 of 1st period - Stopped by Jake Allen with a rebound.
4:05 of 1st period - Shot by Sean Monahan.
4:05 of 1st period - Goal by Sean Monahan - LAS VEGAS LIZARD KINGS : 1 - EDMONTON ICE : 0.
4:06 of 1st period - Ryan Nugent-Hopkins wins face-off versus Conor Sheary in neutral zone.
5:10 of 1st period - Shot by Anthony Mantha.
5:10 of 1st period - Shot Misses the Net.
5:14 of 1st period - Shot by Anthony Mantha.
5:14 of 1st period - Stopped by Marc-Andre Fleury without a rebound.
5:15 of 1st period - Sean Monahan wins face-off versus Valtteri Filppula in LAS VEGAS LIZARD KINGS zone.
5:23 of 1st period - Sean Monahan is hit by Andrew MacDonald and loses puck.
5:34 of 1st period - Shot by Jaden Schwartz.
5:34 of 1st period - Shot Misses the Net.
5:35 of 1st period - Minor Penalty to Patric Hornqvist for Holding.
5:36 of 1st period - Sean Monahan wins face-off versus Eric Fehr in EDMONTON ICE zone.
6:46 of 1st period - Icing by Brent Burns.
6:47 of 1st period - Derek Ryan wins face-off versus Oscar Lindberg in LAS VEGAS LIZARD KINGS zone.
7:37 of 1st period - Icing by Casey Nelson.
7:38 of 1st period - Valtteri Filppula wins face-off versus Evan Rodrigues in EDMONTON ICE zone.
8:05 of 1st period - Shot by Jaden Schwartz.
8:05 of 1st period - Shot Misses the Net.
8:26 of 1st period - Icing by Casey Nelson.
8:27 of 1st period - Sean Monahan wins face-off versus Valtteri Filppula in EDMONTON ICE zone.
8:38 of 1st period - Icing by Patric Hornqvist.
8:39 of 1st period - Valtteri Filppula wins face-off versus Sean Monahan in EDMONTON ICE zone.
8:49 of 1st period - Nino Niederreiter is hit by Patric Hornqvist and loses puck.
9:39 of 1st period - Minor Penalty to Jeff Petry for Tripping.
9:40 of 1st period - Derek Ryan wins face-off versus Eric Fehr in EDMONTON ICE zone.
10:36 of 1st period - Icing by Brayden McNabb.
10:37 of 1st period - Sean Monahan wins face-off versus Eric Fehr in LAS VEGAS LIZARD KINGS zone.
11:17 of 1st period - Shot by Mike Ferland.
11:17 of 1st period - Stopped by Jake Allen without a rebound.
11:18 of 1st period - Eric Fehr wins face-off versus Mike Ferland in EDMONTON ICE zone.
11:35 of 1st period - Shot by Ryan Nugent-Hopkins.
11:35 of 1st period - Stopped by Jake Allen with a rebound.
11:42 of 1st period - Icing by Barclay Goodrow.
11:43 of 1st period - Kasperi Kapanen wins face-off versus Evan Rodrigues in LAS VEGAS LIZARD KINGS zone.
12:14 of 1st period - Shot by Anthony Mantha.
12:14 of 1st period - Shot Misses the Net.
12:16 of 1st period - Shot by Ryan O'Reilly.
12:16 of 1st period - Stopped by Marc-Andre Fleury without a rebound.
12:17 of 1st period - Ryan Nugent-Hopkins wins face-off versus Valtteri Filppula in LAS VEGAS LIZARD KINGS zone.
12:56 of 1st period - Shot by Jaden Schwartz.
12:56 of 1st period - Shot Blocked by Matt Niskanen.
12:58 of 1st period - Shot by Jaden Schwartz.
12:58 of 1st period - Shot Misses the Net.
13:15 of 1st period - Icing by Conor Sheary.
13:16 of 1st period - Ondrej Kase wins face-off versus Derek Ryan in EDMONTON ICE zone.
13:16 of 1st period - Ondrej Kase is hit by Mike Ferland.
13:34 of 1st period - Shot by Eric Fehr.
13:34 of 1st period - Shot Misses the Net.
13:46 of 1st period - Shot by Derek Ryan.
13:46 of 1st period - Shot Misses the Net.
13:48 of 1st period - Shot by Mike Ferland.
13:48 of 1st period - Stopped by Jake Allen without a rebound.
13:49 of 1st period - Ryan O'Reilly wins face-off versus Sean Monahan in EDMONTON ICE zone.
13:57 of 1st period - Johnny Gaudreau is hit by Colton Parayko and loses puck.
14:00 of 1st period - Shot by Alex Petrovic.
14:00 of 1st period - Stopped by Jake Allen without a rebound.
14:01 of 1st period - Ryan Nugent-Hopkins wins face-off versus Anthony Mantha in EDMONTON ICE zone.
14:06 of 1st period - Shot by Ryan Nugent-Hopkins.
14:06 of 1st period - Shot Misses the Net.
15:13 of 1st period - Shot by Mike Ferland.
15:13 of 1st period - Stopped by Jake Allen without a rebound.
15:14 of 1st period - Eric Fehr wins face-off versus Sean Monahan in EDMONTON ICE zone.
16:15 of 1st period - Shot by Patric Hornqvist.
16:15 of 1st period - Stopped by Marc-Andre Fleury without a rebound.
16:16 of 1st period - Oscar Lindberg wins face-off versus Barclay Goodrow in LAS VEGAS LIZARD KINGS zone.
16:45 of 1st period - Shot by Mike Ferland.
16:45 of 1st period - Stopped by Jake Allen with a rebound.
17:02 of 1st period - Icing by Markus Nutivaara.
17:03 of 1st period - Oscar Lindberg wins face-off versus Ryan Nugent-Hopkins in EDMONTON ICE zone.
17:20 of 1st period - Shot by Joel Armia.
17:20 of 1st period - Deflect By Ryan Nugent-Hopkins.
17:20 of 1st period - Shot Blocked by Kasperi Kapanen.
17:23 of 1st period - Minor Penalty to Bobby Ryan for Hooking.
17:24 of 1st period - Derek Ryan wins face-off versus Ryan O'Reilly in LAS VEGAS LIZARD KINGS zone.
17:43 of 1st period - Shot by Ryan O'Reilly.
17:43 of 1st period - Stopped by Marc-Andre Fleury without a rebound.
17:44 of 1st period - Valtteri Filppula wins face-off versus Derek Ryan in LAS VEGAS LIZARD KINGS zone.
17:51 of 1st period - Shot by Anthony Mantha.
17:51 of 1st period - Goal by Anthony Mantha - LAS VEGAS LIZARD KINGS : 1 - EDMONTON ICE : 1.
17:52 of 1st period - Ryan O'Reilly wins face-off versus Sean Monahan in neutral zone.
18:00 of 1st period - Shot by Kasperi Kapanen.
18:00 of 1st period - Shot Blocked by Johnny Gaudreau.
18:02 of 1st period - Shot by Oscar Klefbom.
18:02 of 1st period - Shot Misses the Net.
18:04 of 1st period - Shot by Anthony Mantha.
18:04 of 1st period - Stopped by Marc-Andre Fleury without a rebound.
18:05 of 1st period - Evan Rodrigues wins face-off versus Jaden Schwartz in LAS VEGAS LIZARD KINGS zone.
18:44 of 1st period - Evan Rodrigues is hit by Colton Parayko and loses puck.
18:57 of 1st period - Shot by Johnny Gaudreau.
18:57 of 1st period - Shot Misses the Net.
19:08 of 1st period - Johnny Gaudreau is hit by Colton Parayko and loses puck.
Goals for this period are 1 for LAS VEGAS LIZARD KINGS vs 1 for EDMONTON ICE.
Shots for this period are 11 for LAS VEGAS LIZARD KINGS vs 7 for EDMONTON ICE.

2nd period


0:01 of 2nd period - Derek Ryan wins face-off versus Ryan O'Reilly in neutral zone.
0:30 of 2nd period - Icing by Brayden McNabb.
0:31 of 2nd period - Ondrej Kase wins face-off versus Derek Ryan in LAS VEGAS LIZARD KINGS zone.
0:59 of 2nd period - Minor Penalty to Ondrej Kase for Tripping.
0:59 of 2nd period - Minor Penalty to Bobby Ryan for Holding.
1:00 of 2nd period - Ryan Nugent-Hopkins wins face-off versus Valtteri Filppula in neutral zone.
2:21 of 2nd period - Shot by Kasperi Kapanen.
2:21 of 2nd period - Stopped by Marc-Andre Fleury with a rebound.
2:59 of 2nd period - Minor Penalty to Alex Petrovic for Hooking.
3:00 of 2nd period - Ryan O'Reilly wins face-off versus Derek Ryan in LAS VEGAS LIZARD KINGS zone.
3:58 of 2nd period - Shot by Anthony Mantha.
3:58 of 2nd period - Stopped by Marc-Andre Fleury without a rebound.
3:59 of 2nd period - Valtteri Filppula wins face-off versus Derek Ryan in LAS VEGAS LIZARD KINGS zone.
4:30 of 2nd period - Shot by Anthony Mantha.
4:30 of 2nd period - Shot Blocked by Brayden McNabb.
4:32 of 2nd period - Shot by Anthony Mantha.
4:32 of 2nd period - Deflect By Conor Sheary.
4:32 of 2nd period - Shot Misses the Net.
4:34 of 2nd period - Shot by Anthony Mantha.
4:34 of 2nd period - Shot Misses the Net.
4:36 of 2nd period - Shot by Anthony Mantha.
4:36 of 2nd period - Shot Misses the Net.
4:49 of 2nd period - Icing by Ryan O'Reilly.
4:50 of 2nd period - Ryan O'Reilly wins face-off versus Barclay Goodrow in EDMONTON ICE zone.
5:16 of 2nd period - Shot by Sean Monahan.
5:16 of 2nd period - Shot Misses the Net.
5:41 of 2nd period - Shot by Johnny Gaudreau.
5:41 of 2nd period - Shot Misses the Net.
6:03 of 2nd period - Icing by Johnny Gaudreau.
6:04 of 2nd period - Sean Monahan wins face-off versus Ryan O'Reilly in LAS VEGAS LIZARD KINGS zone.
6:06 of 2nd period - Icing by Nino Niederreiter.
6:07 of 2nd period - Ryan O'Reilly wins face-off versus Sean Monahan in LAS VEGAS LIZARD KINGS zone.
6:12 of 2nd period - Shot by Ryan O'Reilly.
6:12 of 2nd period - Stopped by Marc-Andre Fleury with a rebound.
6:14 of 2nd period - Shot by Anthony Mantha.
6:14 of 2nd period - Stopped by Marc-Andre Fleury without a rebound.
6:15 of 2nd period - Ryan O'Reilly wins face-off versus Evan Rodrigues in LAS VEGAS LIZARD KINGS zone.
6:21 of 2nd period - Icing by Brent Burns.
6:22 of 2nd period - Ryan O'Reilly wins face-off versus Evan Rodrigues in LAS VEGAS LIZARD KINGS zone.
6:22 of 2nd period - Kasperi Kapanen is hit by Matt Niskanen.
6:54 of 2nd period - Shot by Barclay Goodrow.
6:54 of 2nd period - Deflect By Evan Rodrigues.
6:54 of 2nd period - Stopped by Jake Allen without a rebound.
6:55 of 2nd period - Valtteri Filppula wins face-off versus Ryan Nugent-Hopkins in EDMONTON ICE zone.
6:55 of 2nd period - Minor Penalty to Joel Armia for Roughing.
6:56 of 2nd period - Derek Ryan wins face-off versus Jaden Schwartz in LAS VEGAS LIZARD KINGS zone.
7:04 of 2nd period - Off-side.
7:05 of 2nd period - Valtteri Filppula wins face-off versus Derek Ryan in neutral zone.
8:33 of 2nd period - Shot by Patric Hornqvist.
8:33 of 2nd period - Shot Blocked by Matt Niskanen.
8:35 of 2nd period - Shot by Ryan O'Reilly.
8:35 of 2nd period - Shot Blocked by Brent Burns.
8:37 of 2nd period - Shot by Ryan O'Reilly.
8:37 of 2nd period - Shot Blocked by Brent Burns.
8:51 of 2nd period - Off-side.
8:52 of 2nd period - Derek Ryan wins face-off versus Valtteri Filppula in neutral zone.
9:18 of 2nd period - Shot by Oscar Lindberg.
9:18 of 2nd period - Stopped by Marc-Andre Fleury without a rebound.
9:19 of 2nd period - Nino Niederreiter wins face-off versus Ondrej Kase in LAS VEGAS LIZARD KINGS zone.
9:34 of 2nd period - Nino Niederreiter is hit by Eric Fehr and loses puck.
9:43 of 2nd period - Shot by Ondrej Kase.
9:43 of 2nd period - Shot Misses the Net.
10:28 of 2nd period - Anthony Mantha is hit by Matt Niskanen and loses puck.
10:43 of 2nd period - Shot by Kasperi Kapanen.
10:43 of 2nd period - Shot Blocked by Matt Niskanen.
10:45 of 2nd period - Shot by Ryan O'Reilly.
10:45 of 2nd period - Shot Misses the Net.
10:47 of 2nd period - Shot by Anthony Mantha.
10:47 of 2nd period - Stopped by Marc-Andre Fleury without a rebound.
10:47 of 2nd period - Minor Penalty to Matt Niskanen for Hooking.
10:48 of 2nd period - Derek Ryan wins face-off versus Ryan O'Reilly in LAS VEGAS LIZARD KINGS zone.
10:48 of 2nd period - Derek Ryan is hit by Patric Hornqvist.
11:44 of 2nd period - Shot by Conor Sheary.
11:44 of 2nd period - Stopped by Marc-Andre Fleury without a rebound.
11:45 of 2nd period - Valtteri Filppula wins face-off versus Sean Monahan in LAS VEGAS LIZARD KINGS zone.
12:22 of 2nd period - Ryan Nugent-Hopkins is hit by Conor Sheary and loses puck.
12:34 of 2nd period - Icing by Jaden Schwartz.
12:35 of 2nd period - Ryan O'Reilly wins face-off versus Derek Ryan in EDMONTON ICE zone.
13:10 of 2nd period - Tanner Pearson is hit by Alex Petrovic and loses puck.
13:35 of 2nd period - Icing by Keegan Lowe.
13:36 of 2nd period - Eric Fehr wins face-off versus Sean Monahan in LAS VEGAS LIZARD KINGS zone.
14:16 of 2nd period - Shot by Bobby Ryan.
14:16 of 2nd period - Shot Misses the Net.
14:18 of 2nd period - Shot by Ryan Nugent-Hopkins.
14:18 of 2nd period - Shot Misses the Net.
14:20 of 2nd period - Shot by Bobby Ryan.
14:20 of 2nd period - Deflect By Ryan Nugent-Hopkins.
14:20 of 2nd period - Stopped by Jake Allen without a rebound.
14:21 of 2nd period - Derek Ryan wins face-off versus Kasperi Kapanen in EDMONTON ICE zone.
15:00 of 2nd period - Shot by Kasperi Kapanen.
15:00 of 2nd period - Stopped by Marc-Andre Fleury without a rebound.
15:01 of 2nd period - Valtteri Filppula wins face-off versus Ryan Nugent-Hopkins in LAS VEGAS LIZARD KINGS zone.
16:26 of 2nd period - Shot by Ondrej Kase.
16:26 of 2nd period - Stopped by Marc-Andre Fleury without a rebound.
16:27 of 2nd period - Ryan O'Reilly wins face-off versus Derek Ryan in LAS VEGAS LIZARD KINGS zone.
16:32 of 2nd period - Shot by Anthony Mantha.
16:32 of 2nd period - Shot Blocked by Brayden McNabb.
17:41 of 2nd period - Shot by Johnny Gaudreau.
17:41 of 2nd period - Goal by Johnny Gaudreau - LAS VEGAS LIZARD KINGS : 2 - EDMONTON ICE : 1.
17:42 of 2nd period - Ryan Nugent-Hopkins wins face-off versus Valtteri Filppula in neutral zone.
18:08 of 2nd period - Shot by Bobby Ryan.
18:08 of 2nd period - Shot Misses the Net.
18:10 of 2nd period - Shot by Joel Armia.
18:10 of 2nd period - Stopped by Jake Allen without a rebound.
18:11 of 2nd period - Ondrej Kase wins face-off versus Sean Monahan in EDMONTON ICE zone.
18:18 of 2nd period - Shot by Eric Fehr.
18:18 of 2nd period - Shot Misses the Net.
Goals for this period are 1 for LAS VEGAS LIZARD KINGS vs 0 for EDMONTON ICE.
Shots for this period are 4 for LAS VEGAS LIZARD KINGS vs 9 for EDMONTON ICE.

3rd period


0:01 of 3rd period - Ryan O'Reilly wins face-off versus Derek Ryan in neutral zone.
0:11 of 3rd period - Minor Penalty to Ryan O'Reilly for Holding.
0:12 of 3rd period - Eric Fehr wins face-off versus Sean Monahan in EDMONTON ICE zone.
1:27 of 3rd period - Shot by Bobby Ryan.
1:27 of 3rd period - Stopped by Jake Allen without a rebound.
1:28 of 3rd period - Derek Ryan wins face-off versus Eric Fehr in EDMONTON ICE zone.
2:26 of 3rd period - Jaden Schwartz is hit by Alex Petrovic.
2:30 of 3rd period - Shot by Jaden Schwartz.
2:30 of 3rd period - Stopped by Marc-Andre Fleury without a rebound.
2:31 of 3rd period - Ryan O'Reilly wins face-off versus Sean Monahan in LAS VEGAS LIZARD KINGS zone.
3:03 of 3rd period - Shot by Anthony Mantha.
3:03 of 3rd period - Shot Blocked by Matt Niskanen.
3:33 of 3rd period - Shot by Ryan Nugent-Hopkins.
3:33 of 3rd period - Shot Blocked by Anthony Mantha.
3:59 of 3rd period - Shot by Ryan Nugent-Hopkins.
3:59 of 3rd period - Stopped by Jake Allen without a rebound.
4:00 of 3rd period - Derek Ryan wins face-off versus Ondrej Kase in EDMONTON ICE zone.
4:01 of 3rd period - Shot by Mike Ferland.
4:01 of 3rd period - Goal by Mike Ferland - LAS VEGAS LIZARD KINGS : 3 - EDMONTON ICE : 1.
4:02 of 3rd period - Valtteri Filppula wins face-off versus Barclay Goodrow in neutral zone.
4:02 of 3rd period - Jaden Schwartz is hit by Mike Ferland and loses puck.
4:41 of 3rd period - Valtteri Filppula is hit by Matt Niskanen and loses puck.
5:04 of 3rd period - Shot by Ondrej Kase.
5:04 of 3rd period - Shot Misses the Net.
5:06 of 3rd period - Shot by Casey Nelson.
5:06 of 3rd period - Shot Blocked by Barclay Goodrow.
5:08 of 3rd period - Shot by Ondrej Kase.
5:08 of 3rd period - Shot Blocked by Nick Jensen.
5:10 of 3rd period - Shot by Eric Fehr.
5:10 of 3rd period - Shot Misses the Net.
5:12 of 3rd period - Shot by Eric Fehr.
5:12 of 3rd period - Shot Misses the Net.
5:25 of 3rd period - Conor Sheary is hit by Matt Niskanen and loses puck.
5:57 of 3rd period - Minor Penalty to Matt Niskanen for High sticking.
5:58 of 3rd period - Ryan O'Reilly wins face-off versus Sean Monahan in LAS VEGAS LIZARD KINGS zone.
6:03 of 3rd period - Shot by Ryan O'Reilly.
6:03 of 3rd period - Shot Misses the Net.
7:15 of 3rd period - Shot by Valtteri Filppula.
7:15 of 3rd period - Shot Blocked by Brayden McNabb.
7:17 of 3rd period - Shot by Valtteri Filppula.
7:17 of 3rd period - Shot Blocked by Brayden McNabb.
7:55 of 3rd period - Shot by Ryan O'Reilly.
7:55 of 3rd period - Shot Blocked by Nino Niederreiter.
7:57 of 3rd period - Shot by Jaden Schwartz.
7:57 of 3rd period - Stopped by Marc-Andre Fleury without a rebound.
7:58 of 3rd period - Ryan Nugent-Hopkins wins face-off versus Oscar Lindberg in LAS VEGAS LIZARD KINGS zone.
7:58 of 3rd period - Ryan Nugent-Hopkins is hit by Tanner Pearson.
8:08 of 3rd period - Shot by Bobby Ryan.
8:08 of 3rd period - Shot Misses the Net.
8:14 of 3rd period - Shot by Loui Eriksson.
8:14 of 3rd period - Stopped by Marc-Andre Fleury without a rebound.
8:15 of 3rd period - Eric Fehr wins face-off versus Sean Monahan in LAS VEGAS LIZARD KINGS zone.
8:30 of 3rd period - Shot by Conor Sheary.
8:30 of 3rd period - Shot Blocked by Matt Niskanen.
8:53 of 3rd period - Icing by Casey Nelson.
8:54 of 3rd period - Eric Fehr wins face-off versus Ryan Nugent-Hopkins in EDMONTON ICE zone.
9:12 of 3rd period - Shot by Anthony Mantha.
9:12 of 3rd period - Shot Misses the Net.
11:02 of 3rd period - Shot by Sean Monahan.
11:02 of 3rd period - Shot Misses the Net.
11:04 of 3rd period - Shot by Johnny Gaudreau.
11:04 of 3rd period - Shot Misses the Net.
11:06 of 3rd period - Shot by Johnny Gaudreau.
11:06 of 3rd period - Shot Misses the Net.
11:52 of 3rd period - Evan Rodrigues is hit by Oscar Lindberg and loses puck.
11:56 of 3rd period - Jason Pominville is hit by Casey Nelson.
11:58 of 3rd period - Shot by Evan Rodrigues.
11:58 of 3rd period - Shot Misses the Net.
12:12 of 3rd period - Loui Eriksson is hit by Alex Petrovic and loses puck.
12:27 of 3rd period - Off-side.
12:28 of 3rd period - Ryan Nugent-Hopkins wins face-off versus Ryan O'Reilly in neutral zone.
12:39 of 3rd period - Shot by Ryan Nugent-Hopkins.
12:39 of 3rd period - Deflect By Joel Armia.
12:39 of 3rd period - Shot Misses the Net.
13:11 of 3rd period - Icing by Ryan O'Reilly.
13:12 of 3rd period - Ryan O'Reilly wins face-off versus Sean Monahan in EDMONTON ICE zone.
13:19 of 3rd period - Shot by Anthony Mantha.
13:19 of 3rd period - Shot Misses the Net.
13:21 of 3rd period - Shot by Colton Parayko.
13:21 of 3rd period - Shot Blocked by Nick Jensen.
13:43 of 3rd period - Shot by Nino Niederreiter.
13:43 of 3rd period - Stopped by Jake Allen with a rebound.
14:05 of 3rd period - Shot by Patric Hornqvist.
14:05 of 3rd period - Shot Misses the Net.
14:07 of 3rd period - Shot by Jaden Schwartz.
14:07 of 3rd period - Stopped by Marc-Andre Fleury with a rebound.
14:09 of 3rd period - Shot by Jaden Schwartz.
14:09 of 3rd period - Stopped by Marc-Andre Fleury without a rebound.
14:10 of 3rd period - Eric Fehr wins face-off versus Derek Ryan in LAS VEGAS LIZARD KINGS zone.
14:14 of 3rd period - Conor Sheary is hit by Alex Petrovic and loses puck.
14:27 of 3rd period - Shot by Barclay Goodrow.
14:27 of 3rd period - Shot Misses the Net.
14:33 of 3rd period - Shot by Ondrej Kase.
14:33 of 3rd period - Shot Blocked by Derek Ryan.
15:40 of 3rd period - Icing by Brent Burns.
15:41 of 3rd period - Ryan Nugent-Hopkins wins face-off versus Valtteri Filppula in LAS VEGAS LIZARD KINGS zone.
15:54 of 3rd period - Shot by Joel Armia.
15:54 of 3rd period - Shot Misses the Net.
16:36 of 3rd period - Shot by Matt Niskanen.
16:36 of 3rd period - Shot Blocked by Colton Parayko.
16:44 of 3rd period - Shot by Johnny Gaudreau.
16:44 of 3rd period - Stopped by Jake Allen without a rebound.
16:45 of 3rd period - Ryan O'Reilly wins face-off versus Barclay Goodrow in EDMONTON ICE zone.
16:55 of 3rd period - Off-side.
16:56 of 3rd period - Conor Sheary wins face-off versus Barclay Goodrow in neutral zone.
17:14 of 3rd period - Jason Pominville is hit by Oscar Klefbom and loses puck.
17:31 of 3rd period - Shot by Evan Rodrigues.
17:31 of 3rd period - Shot Misses the Net.
17:53 of 3rd period - Joel Armia is hit by Jaden Schwartz and loses puck.
18:31 of 3rd period - Shot by Patric Hornqvist.
18:31 of 3rd period - Shot Misses the Net.
18:45 of 3rd period - Shot by Ryan O'Reilly.
18:45 of 3rd period - Stopped by Marc-Andre Fleury without a rebound.
18:46 of 3rd period - Ryan O'Reilly wins face-off versus Johnny Gaudreau in LAS VEGAS LIZARD KINGS zone.
19:07 of 3rd period - Shot by Anthony Mantha.
19:07 of 3rd period - Shot Misses the Net.
19:09 of 3rd period - Shot by Casey Nelson.
19:09 of 3rd period - Shot Blocked by Sean Monahan.
19:11 of 3rd period - Shot by Ryan O'Reilly.
19:11 of 3rd period - Shot Blocked by Alex Petrovic.
19:13 of 3rd period - Shot by Anthony Mantha.
19:13 of 3rd period - Stopped by Marc-Andre Fleury without a rebound.
19:14 of 3rd period - Derek Ryan wins face-off versus Oscar Lindberg in LAS VEGAS LIZARD KINGS zone.
19:14 of 3rd period - Derek Ryan is hit by Oscar Lindberg.
19:39 of 3rd period - Icing by Andrew MacDonald.
19:40 of 3rd period - Sean Monahan wins face-off versus Oscar Lindberg in EDMONTON ICE zone.
19:47 of 3rd period - Oscar Klefbom is hit by Nino Niederreiter and loses puck.
19:55 of 3rd period - Minor Penalty to Alex Petrovic for Roughing.
19:56 of 3rd period - Ryan O'Reilly wins face-off versus Derek Ryan in LAS VEGAS LIZARD KINGS zone.
Goals for this period are 1 for LAS VEGAS LIZARD KINGS vs 0 for EDMONTON ICE.
Shots for this period are 5 for LAS VEGAS LIZARD KINGS vs 7 for EDMONTON ICE.


DARCY
KUEMPER
JAKE
OETTINGER
NINO
NIEDERREITER

EAST COAST

HOCKEY LEAGUE

  • 1.CHI2QUE4
  • 2.LIM2CHA3
  • 3.LON3TRV5
  • 4.BAL5CHW6
  • 5.MANPIT
  • 6.NHWATL
  • 7.PETWOR
  • 8.RHI